 Dungeon Crawl Stone Soup version 0.29-a0-321-gf1c400731a (console) character file.

Game seed: 13885317447472521361

14951 Ignak the Thaumaturge (level 12, -7/91 HPs)
             Began as a Gnoll Hedge Wizard on Apr 4, 2022.
             Was a Priest of Sif Muna.
             Mangled by an orc warrior
             ... wielding a +0 war axe
             ... led by an orc knight
              (20 damage)
             ... on level 1 of the Orcish Mines.
             The game lasted 00:54:51 (16232 turns).

Ignak the Thaumaturge (Gnoll Hedge Wizard)         Turns: 16232, Time: 00:54:52

Health: -7/91      AC: 10    Str: 11    XL:     12   Next: 21%
Magic:  6/26       EV: 14    Int: 18    God:    Sif Muna [***...]
Gold:   70         SH:  6    Dex: 11    Spells: 11/31 levels left

rFire   + . .      SeeInvis .   b - +4 dagger (freeze)
rCold   . . .      Faith    .   w - +1 buckler {rF+}
rNeg    . . .      Spirit   .   C - +1 troll leather armour
rPois   .          Reflect  .   u - +0 helmet
rElec   .          Harm     .   G - +0 cloak
rCorr   +          Rampage  .   (no gloves)
Will    +....      Rage     1%  i - +0 pair of boots
Stlth   +++.......              (no amulet)
HPRegen 1.05/turn               p - ring of resist corrosion
MPRegen 0.20/turn               t - ring of willpower

@: channelling
A: fangs 1, strong nose, distributed training, berserk 1
a: Renounce Religion, Channel Magic, Forget Spell


You were on level 1 of the Orcish Mines.
You worshipped Sif Muna.
Sif Muna was most pleased with you.
You visited 3 branches of the dungeon, and saw 13 of its levels.

You collected 746 gold pieces.
You spent 676 gold pieces at shops.

Inventory:

Hand Weapons
 a - a +4 war axe of freezing
 b - a +4 dagger of freezing (weapon)
 q - a +0 dagger of electrocution
 x - a +2 hand crossbow of flaming
 A - a +3 dagger of holy wrath
 F - a +1 spear of venom
Armour
 i - a +0 pair of boots (worn)
 u - a +0 helmet (worn)
 w - a +1 buckler of fire resistance (worn)
 z - +1 steam dragon scales
 C - a +1 troll leather armour (worn)
 E - an orb of wrath
 G - a +0 cloak (worn)
Jewellery
 p - a ring of resist corrosion (left hand)
 s - a ring of flight
 t - a ring of willpower (right hand)
Wands
 f - a wand of charming (4)
 k - a wand of acid (8)
 v - a wand of polymorph (12)
 y - a wand of flame (47)
Scrolls
 c - 2 scrolls of magic mapping
 e - a scroll of fog
 g - 2 scrolls of teleportation
 j - 3 scrolls of silence
 o - a scroll of fear
 r - a scroll of amnesia
 B - a scroll of enchant weapon
 H - 2 scrolls of brand weapon
Potions
 d - 2 potions of magic
 h - 2 potions of might
 l - a potion of heal wounds
 m - a potion of brilliance
 n - a potion of curing
 D - 3 potions of haste


   Skills:
 + Level 7.1 Fighting
 + Level 7.1 Short Blades
 + Level 7.1 Long Blades
 + Level 7.1 Axes
 + Level 7.1 Maces & Flails
 + Level 7.1 Polearms
 + Level 7.1 Staves
 + Level 7.1 Slings
 + Level 7.1 Bows
 + Level 7.1 Crossbows
 + Level 7.1 Throwing
 + Level 7.1 Armour
 + Level 8.5 Dodging
 + Level 8.3 Stealth
 + Level 7.1 Shields
 + Level 7.1 Unarmed Combat
 + Level 10.1 Spellcasting
 + Level 6.3 Conjurations
 + Level 5.8 Hexes
 + Level 6.3 Summonings
 + Level 5.8 Necromancy
 + Level 6.3 Translocations
 + Level 5.8 Transmutations
 + Level 5.8 Fire Magic
 + Level 5.8 Ice Magic
 + Level 5.8 Air Magic
 + Level 5.8 Earth Magic
 + Level 5.8 Poison Magic
 + Level 7.7 Invocations
 + Level 7.1 Evocations


You had 11 spell levels left.
You knew the following spells:

 Your Spells              Type           Power      Damage    Failure   Level
a - Magic Dart            Conj           100%       1d8       1%          1
b - Blink                 Tloc           62%        N/A       1%          2
c - Ensorcelled Hibernat  Hex/Ice        60%        N/A       1%          2
d - Mephitic Cloud        Conj/Pois/Air  30%        N/A       3%          3
e - Call Imp              Summ           31%        N/A       1%          2
f - Swiftness             Air            30%        N/A       3%          3
x - Wereblood             Tmut           30%        N/A       1%          2
z - Blade Hands           Tmut           15%        N/A       30%         5

Your spell library contained the following spells:

 Spells                   Type           Power      Damage    Failure   Level
 Slow                     Hex            100%       N/A       1%          1
 Corpse Rot               Necr/Air       60%        N/A       1%          2
 Passwall                 Tmut/Erth      25%        N/A       1%          2
 Poisonous Vapours        Pois/Air       60%        N/A       1%          2
 Sublimation of Blood     Necr           30%        N/A       1%          2
 Confusing Touch          Hex            30%        N/A       3%          3
 Conjure Flame            Conj/Fire      31%        6-21      3%          3
 Vampiric Draining        Necr           30%        2d8       3%          3
 Irradiate                Conj/Tmut      15%        3d18      28%         5
 Dragon Form              Tmut           15%        N/A       100%        7
 Summon Hydra             Summ           15%        N/A       100%        7


Dungeon Overview and Level Annotations

Branches:
Dungeon (10/15)            Temple (1/1) D:6             Orc (2/2) D:9
   Lair: D:8-11         Elf: Orc:2

Altars:
Ashenzari
Dithmenos
Gozag
Kikubaaqudgha
Sif Muna
Trog
Uskayaw
Wu Jian
Beogh

Shops:
D:9 ?!   Orc:1 *[(=!

Annotations:
D:9 2 transporters, paps's ghost, novice GrGl
Orc:2 Maurice


Innate Abilities, Weirdness & Mutations

You have very sharp teeth.
Your uncanny sense of smell can sniff out nearby items.
Your experience applies equally to all skills.
You tend to lose your temper in combat.


Message History

* * * LOW HITPOINT WARNING * * *
The orc is engulfed in noxious fumes.
The orc appears confused.
The orc barely misses the orc warrior.
Casting: Mephitic Cloud (mildly dangerous; 3% risk of failure)
Confirm with . or Enter, or press ? or * to list all spells.
Aiming: Mephitic Cloud (mildly dangerous; 3% risk of failure)
Press: ? - help, Shift-Dir - straight line, f/p - orc knight
Aim: an orc knight, wielding a +3 bardiche and wearing a +0 chain mail (noxious fumes, severely wounded, chance to affect: 58%)
The ball explodes into a vile cloud!
The stinking cloud engulfs the orc knight but does no damage.
The orc knight is severely wounded.
The stinking cloud engulfs the orc but does no damage.
The orc is lightly wounded.
The stinking cloud engulfs the orc but does no damage.
You hear a shout!
The orc is engulfed in noxious fumes.
The orc appears confused.
The orc warrior hits you with a +0 war axe.
* * * LOW HITPOINT WARNING * * *
The orc knight is engulfed in noxious fumes.
The orc knight appears confused.
The orc is engulfed in noxious fumes.
The orc appears confused.
The orc is engulfed in noxious fumes.
The orc appears confused.
The orc hits you but does no damage.
The orc knight is engulfed in noxious fumes.
The orc knight hits the orc with a +3 bardiche!!
The orc is killed!
Sif Muna accepts your kill.
Maurice shouts, "HAHA!"
The orc warrior hits you with a +0 war axe!
* * * LOW HITPOINT WARNING * * *
You climb upwards.
There is a stone staircase leading down here.
The orc warrior misses you.
Aiming: Charm
Press: ? - help, Shift-Dir - straight line, f - orc warrior
Aim: an orc warrior, wielding a +0 war axe and wearing a +0 chain mail (strong, chance to affect: 66%)
Okay, then.
Unknown command.
The orc warrior hits you with a +0 war axe!!
You die...

.....#......#.##.........###.....
.....###..................###....
......................##.####...#
............^..........#####.....
..............).........###......
#....#........)>).........#..##..
....#..........[.............⌠.⌠.
......[.........o...........).∩..
................@....###....#⌠.⌠.
#...#.##.#...........'∩#.........
#....####[...........###...##....
......#.....................##...
.....#............)........#####.
###.###.##...#..#.........## ## #
### #####.#............#.##
#......[....)[##(..##
##.#.........)).....#


You could see an orc warrior (strong).

Vanquished Creatures
  2 orc warlords (D:9)
  2 two-headed ogres
  An orc sorcerer (Orc:1)
  3 orc knights (D:9)
  An ugly thing (D:9)
  A gargoyle (D:9)
  Joseph (D:7)
  A kobold demonologist (D:5)
  Maggie (D:6)
  A troll (Orc:1)
  A hornet (D:7)
  5 yaks (D:9)
  3 wyverns
  A steam dragon (D:6)
  Menkaure (D:5)
  2 wargs
  A water moccasin (D:8)
  A black bear (D:6)
  2 ice beasts
  23 orc warriors
  A sky beast (D:7)
  8 ogres
  3 centaurs
  A phantom (D:7)
  A gnoll sergeant (D:9)
  A necrophage (D:6)
  4 bullfrogs
  4 scorpions
  13 wights
  5 killer bees (D:9)
  An electric eel (D:8)
  3 howler monkeys
  3 hounds
  11 orc priests
  2 gnoll shamans
  2 jellies
  3 iguanas
  9 orc wizards
  15 gnolls
  5 adders
  A shadow imp (D:7)
  2 worms
  56 orcs
  4 endoplasms
  3 giant cockroaches (D:1)
  10 goblins
  2 hobgoblins (D:4)
  5 kobolds
  5 quokkas
  11 ball pythons
  2 bats (D:2)
  2 frilled lizards (D:1)
  6 rats
258 creatures vanquished.

Vanquished Creatures (collateral kills)
  A black bear (D:7)
  A scorpion (D:2)
  A necrophage (D:6)
  A killer bee (D:7)
  A jelly (D:7)
  A hound (D:5)
  An iguana (D:6)
  6 gnolls
  2 dart slugs (D:2)
  3 orcs
  3 endoplasms
  2 goblins (D:1)
  3 hobgoblins (D:2)
  2 jackals (D:2)
  A quokka (D:2)
  3 ball pythons
  A bat (D:2)
  A kobold (D:3)
  2 rats
36 creatures vanquished.

Vanquished Creatures (others)
  A killer bee (D:9)
  6 plants (D:2)
7 creatures vanquished.

Grand Total: 301 creatures vanquished

Notes
Turn   | Place    | Note
-------+----------+-------------------------------------------
     0 | D:1      | Ignak the Gnoll Hedge Wizard began the quest for the Orb.
     0 | D:1      | Reached XP level 1. HP: 13/13 MP: 8/8
   274 | D:1      | Reached XP level 2. HP: 5/19 MP: 6/10
   849 | D:1      | Learned a level 2 spell: Blink
   852 | D:1      | Learned a level 2 spell: Call Imp
   993 | D:1      | Found a faded altar of an unknown god.
  1327 | D:1      | Reached XP level 3. HP: 25/25 MP: 11/11
  1331 | D:1      | Learned a level 3 spell: Mephitic Cloud
  1768 | D:2      | Reached skill level 1 in Invocations
  1797 | D:2      | Noticed a scorpion
  1820 | D:2      | Killed a scorpion
  1821 | D:2      | Reached skill level 1 in Fighting
  1821 | D:2      | Reached skill level 1 in Short Blades
  1821 | D:2      | Reached skill level 1 in Long Blades
  1821 | D:2      | Reached skill level 1 in Axes
  1821 | D:2      | Reached skill level 1 in Maces & Flails
  1821 | D:2      | Reached skill level 1 in Polearms
  1821 | D:2      | Reached skill level 1 in Staves
  1821 | D:2      | Reached skill level 1 in Slings
  1821 | D:2      | Reached skill level 1 in Bows
  1821 | D:2      | Reached skill level 1 in Crossbows
  1821 | D:2      | Reached skill level 1 in Throwing
  1821 | D:2      | Reached skill level 1 in Armour
  1821 | D:2      | Reached skill level 1 in Shields
  1821 | D:2      | Reached skill level 1 in Unarmed Combat
  1821 | D:2      | Reached skill level 1 in Hexes
  1821 | D:2      | Reached skill level 1 in Necromancy
  1821 | D:2      | Reached skill level 1 in Transmutations
  1821 | D:2      | Reached skill level 1 in Fire Magic
  1821 | D:2      | Reached skill level 1 in Ice Magic
  1821 | D:2      | Reached skill level 1 in Air Magic
  1821 | D:2      | Reached skill level 1 in Earth Magic
  1821 | D:2      | Reached skill level 1 in Poison Magic
  1821 | D:2      | Reached skill level 1 in Evocations
  1821 | D:2      | Reached XP level 4. HP: 6/32 MP: 3/13
  2141 | D:2      | Reached XP level 5. HP: 30/37 MP: 2/14
  2344 | D:2      | Learned a level 3 spell: Swiftness
  3055 | D:2      | Found an opulent altar of Gozag.
  3187 | D:3      | Reached XP level 6. HP: 44/44 MP: 16/16
  3975 | D:4      | Reached skill level 5 in Dodging
  4624 | D:4      | Reached XP level 7. HP: 39/50 MP: 15/18
  4711 | D:5      | Entered Level 5 of the Dungeon
  4730 | D:5      | Noticed Menkaure
  4747 | D:5      | Killed Menkaure
  4940 | D:5      | Reached skill level 5 in Stealth
  5527 | D:5      | Noticed a kobold demonologist
  5539 | D:5      | Killed a kobold demonologist
  5540 | D:5      | Reached XP level 8. HP: 49/58 MP: 13/19
  6125 | D:6      | Reached skill level 8 in Spellcasting
  6217 | D:6      | Noticed Maggie
  6244 | D:6      | Killed Maggie
  6550 | D:6      | Reached XP level 9. HP: 65/65 MP: 18/21
  7411 | D:6      | Found a staircase to the Ecumenical Temple.
  7421 | Temple   | Entered the Ecumenical Temple
  7429 | Temple   | Became a worshipper of Sif Muna the Loreminder
  7464 | D:7      | Noticed a two-headed ogre
  7470 | D:6      | Learned a level 2 spell: Ensorcelled Hibernation
  7471 | D:7      | Noticed Joseph
  7490 | D:6      | Killed a two-headed ogre
  7868 | D:7      | Reached skill level 5 in Invocations
  8066 | D:7      | Noticed a hornet
  8087 | D:7      | Killed a hornet
  8125 | D:7      | Killed Joseph
  8126 | D:7      | Reached XP level 10. HP: 73/73 MP: 13/22
  8203 | D:7      | Reached skill level 5 in Fighting
  8203 | D:7      | Reached skill level 5 in Short Blades
  8203 | D:7      | Reached skill level 5 in Long Blades
  8203 | D:7      | Reached skill level 5 in Axes
  8203 | D:7      | Reached skill level 5 in Maces & Flails
  8203 | D:7      | Reached skill level 5 in Polearms
  8203 | D:7      | Reached skill level 5 in Staves
  8203 | D:7      | Reached skill level 5 in Slings
  8203 | D:7      | Reached skill level 5 in Bows
  8203 | D:7      | Reached skill level 5 in Crossbows
  8203 | D:7      | Reached skill level 5 in Throwing
  8203 | D:7      | Reached skill level 5 in Armour
  8203 | D:7      | Reached skill level 5 in Shields
  8203 | D:7      | Reached skill level 5 in Unarmed Combat
  8203 | D:7      | Reached skill level 5 in Evocations
  8301 | D:7      | Reached * piety under Sif Muna
  9533 | D:8      | Reached skill level 9 in Spellcasting
  9681 | D:8      | Noticed a two-headed ogre
  9693 | D:8      | Killed a two-headed ogre
  9694 | D:8      | Reached skill level 5 in Conjurations
  9694 | D:8      | Reached skill level 5 in Summonings
  9694 | D:8      | Reached skill level 5 in Translocations
  9898 | D:8      | Learned a level 5 spell: Blade Hands
  9901 | D:8      | Learned a level 2 spell: Wereblood
 10692 | D:9      | Reached ** piety under Sif Muna
 10802 | D:9      | Noticed a cyan ugly thing
 10817 | D:9      | Killed a cyan ugly thing
 10879 | D:9      | Reached XP level 11. HP: 61/81 MP: 17/24
 11136 | D:9      | Found a staircase to the Orcish Mines.
 11148 | D:9      | Reached skill level 5 in Hexes
 11148 | D:9      | Reached skill level 5 in Necromancy
 11148 | D:9      | Reached skill level 5 in Transmutations
 11148 | D:9      | Reached skill level 5 in Fire Magic
 11148 | D:9      | Reached skill level 5 in Ice Magic
 11148 | D:9      | Reached skill level 5 in Air Magic
 11148 | D:9      | Reached skill level 5 in Earth Magic
 11148 | D:9      | Reached skill level 5 in Poison Magic
 11354 | D:9      | Noticed a skeletal warrior
 11369 | D:9      | Found a bloodstained altar of Trog.
 11713 | D:9      | Found Fokk's Magic Scroll Emporium.
 11725 | D:9      | Found a transporter.
 11742 | D:9      | Noticed a wizard
 11748 | D:9      | Noticed a large abomination
 11773 | D:9      | Noticed a worldbinder
 11987 | D:9      | Found a transporter.
 12023 | D:9      | Noticed paps's ghost (novice GrGl)
 12060 | D:9      | Bought a scroll of magic mapping for 45 gold pieces
 12110 | D:9      | Found Zinargh's Distillery.
 12278 | D:9      | Bought a potion of heal wounds for 70 gold pieces
 12278 | D:9      | Bought 2 potions of curing for 84 gold pieces
 12723 | Orc:1    | Entered Level 1 of the Orcish Mines
 12723 | Orc:1    | Noticed an orc knight
 13046 | D:9      | Killed an orc knight
 13309 | Orc:1    | Found Xepos's Jewellery Shop.
 13310 | Orc:1    | Found Gyfobb's Distillery.
 13389 | Orc:1    | Noticed an orc warlord
 13589 | D:10     | Entered Level 10 of the Dungeon
 13877 | D:9      | Killed an orc warlord
 14006 | Orc:1    | Noticed an orc knight
 14406 | D:9      | Killed an orc knight
 14629 | Orc:1    | Noticed an orc knight
 14667 | D:9      | Reached *** piety under Sif Muna
 14850 | D:9      | Killed an orc knight
 15104 | Orc:1    | Noticed an orc warlord
 15254 | D:9      | Killed an orc warlord
 15255 | D:9      | Reached skill level 10 in Spellcasting
 15255 | D:9      | Reached XP level 12. HP: 89/89 MP: 4/26
 15465 | Orc:1    | Found Iczae's Antique Armour Emporium.
 15477 | Orc:1    | Bought a helmet for 130 gold pieces
 15477 | Orc:1    | Bought a shiny buckler for 217 gold pieces
 15506 | Orc:1    | Found Hotiw's Antique Weapon Boutique.
 15622 | Orc:1    | Found Ymeas's General Store.
 15709 | Orc:1    | Gained mutation: You tend to lose your temper in combat. [a
                  | neqoxec]
 16010 | Orc:2    | Entered Level 2 of the Orcish Mines
 16125 | Orc:1    | Bought a cloak for 130 gold pieces
 16170 | Orc:2    | Noticed Maurice
 16232 | Orc:1    | Mangled by an orc warrior

Illustrated notes

Levels and vault maps discovered:
D:1:      lightli_molten_gateway, layout_basic,
          shapermc_ecumenical_altar_notcrosses
D:2:      layout_basic, basic_altar, nicolae_grassy_gnolls
D:3:      layout_basic
D:4:      layout_basic, patterned_corridor
D:5:      layout_rooms, kennysheep_windowed_goal, uniq_menkaure
D:6:      layout_basic, minmay_temple_entry_poolview, uniq_maggie
D:7:      layout_cave_pools, serial_co_window_serial,
          co_window_of_opportunity_a, co_window_corner_a, co_window_paths_b,
          co_window_of_opportunity_a, co_window_corner_a, co_window_corner_a,
          co_window_corner_a, co_window_corner_a, co_window_of_opportunity_a,
          co_window_2corner, co_window_cross_2, co_window_paths_c,
          co_window_cross_4, co_window_2corner, co_window_unsneaky_path_b,
          glass_columns_a, glass_columns_a, glass_columns_b, glass_columns_b,
          glass_columns_a, minmay_bent, uniq_joseph
D:8:      layout_rooms, grunt_ministairs_5, nrook_mini_backslash, minivault_4
D:9:      layout_rooms, mainiacjoe_overflow_tiny_flanked, david_orc_2,
          serial_shops, nicolae_lakefront_shop, shop,
          gammafunk_ghost_abyssal_escape
D:10:     layout_irregular_city, dpeg_lair_monsters
Temple:   compressed_dpeg_circular_temple
Orc:1:    layout_caves, serial_shops, shop_fountains,
          nicolae_shop_window_shopping, shop, nicolae_shop_statue_plus,
          nicolae_shop_advertising_works [nicolae_subvault_shop_adworks],
          mines1_david
Orc:2:    grunt_orc_community_town_hall, layout_diamond_mine,
          grunt_orc_community_big_house_2, grunt_orc_community_big_house_1,
          grunt_orc_community_house_2, grunt_orc_community_house_3,
          grunt_orc_community_house_1, grunt_orc_community_house_2,
          nicolae_orc_pool_cavern, uniq_maurice, uniq_urug

Skill      XL: |  1  2  3  4  5  6  7  8  9 10 11 12 |
---------------+-------------------------------------+-----
Conjurations   | 2 3 4 5 6 |  6.3
Summonings     | 2 3 4 5 6 |  6.3
Translocations | 2 3 4 5 6 |  6.3
Invocations    | 1 2 3 4 5 6 7 |  7.7
Fighting       | 1 2 3 4 5 6 7 |  7.1
Short Blades   | 1 2 3 4 5 6 7 |  7.1
Long Blades    | 1 2 3 4 5 6 7 |  7.1
Axes           | 1 2 3 4 5 6 7 |  7.1
Maces & Flails | 1 2 3 4 5 6 7 |  7.1
Polearms       | 1 2 3 4 5 6 7 |  7.1
Staves         | 1 2 3 4 5 6 7 |  7.1
Slings         | 1 2 3 4 5 6 7 |  7.1
Bows           | 1 2 3 4 5 6 7 |  7.1
Crossbows      | 1 2 3 4 5 6 7 |  7.1
Throwing       | 1 2 3 4 5 6 7 |  7.1
Armour         | 1 2 3 4 5 6 7 |  7.1
Shields        | 1 2 3 4 5 6 7 |  7.1
Unarmed Combat | 1 2 3 4 5 6 7 |  7.1
Hexes          | 1 2 3 4 5 |  5.8
Necromancy     | 1 2 3 4 5 |  5.8
Transmutations | 1 2 3 4 5 |  5.8
Fire Magic     | 1 2 3 4 5 |  5.8
Ice Magic      | 1 2 3 4 5 |  5.8
Air Magic      | 1 2 3 4 5 |  5.8
Earth Magic    | 1 2 3 4 5 |  5.8
Poison Magic   | 1 2 3 4 5 |  5.8
Evocations     | 1 2 3 4 5 6 7 |  7.1
Dodging        | 5 6 7 8 |  8.5
Stealth        | 5 6 7 8 |  8.3
Spellcasting   | 8 9 10 | 10.1

Action                   |  1- 3 |  4- 6 |  7- 9 | 10-12 || total
-------------------------+-------+-------+-------+-------++-------
Melee: Dagger            |    11 |       |       |   380 ||   391
       Spear             |    72 |   154 |   198 |    77 ||   501
       Bite              |     2 |    11 |    15 |    66 ||    94
       Punch             |     1 |     3 |     5 |    20 ||    29
       Unarmed           |       |       |       |    31 ||    31
       War axe           |       |       |       |    11 ||    11
       Flail             |       |       |       |     7 ||     7
Throw: Throwing net      |       |       |       |     2 ||     2
 Cast: Magic Dart        |    14 |     1 |       |     8 ||    23
       Call Imp          |     7 |    15 |    21 |    17 ||    60
       Mephitic Cloud    |     1 |     3 |    26 |    65 ||    95
       Blink             |     1 |     2 |     9 |    42 ||    54
       Ensorcelled Hiber |       |       |     1 |   107 ||   108
       Blade Hands       |       |       |       |     7 ||     7
       Wereblood         |       |       |       |     1 ||     1
Invok: Channel Magic     |       |       |       |     2 ||     2
Evoke: Wand              |       |       |     2 |       ||     2
  Use: Potion            |       |     4 |     3 |     2 ||     9
       Scroll            |       |       |     4 |    14 ||    18
 Stab: Sleeping          |     4 |     8 |     4 |    46 ||    62
       Confused          |       |     1 |    16 |    24 ||    41
       Distracted        |       |     1 |     2 |     2 ||     5
       Held in net/web   |       |       |       |     1 ||     1
Armor: Robe              |    16 |    15 |     6 |       ||    37
       Steam dragon scal |       |       |    16 |    52 ||    68
       Troll leather arm |       |       |       |    44 ||    44
Dodge: Dodged            |    55 |    85 |    98 |   304 ||   542
Block: Buckler           |       |       |       |    16 ||    16

Table legend: (Time is in decaauts)
 A = Elapsed time spent in this place.
 B = Non-inter-level travel time spent in this place.
 C = Inter-level travel time spent in this place.
 D = Time resting spent in this place.
 E = Time spent auto-exploring this place.
 F = Levels seen in this place.
 G = Mean time per level.
                   A        B        C        D        E       F      G
               +--------+--------+--------+--------+--------+-----+--------+
         Total |  16152 |  15974 |    178 |   4493 |   5707 |  13 | 1242.5 |
       Dungeon |  14614 |  14440 |    174 |   4480 |   5321 |  10 | 1461.4 |
        Temple |     16 |     16 |      0 |      0 |      0 |   1 |   16.0 |
  Orcish Mines |   1521 |   1518 |      3 |     13 |    386 |   2 |  760.5 |
               +--------+--------+--------+--------+--------+-----+--------+

Top non-repeatable levels by time:
     D:9: 3622 daAuts
     D:6: 1675 daAuts
     D:7: 1662 daAuts
     D:1: 1649 daAuts
     D:8: 1600 daAuts
     D:4: 1562 daAuts
     D:2: 1466 daAuts
   Orc:1: 1401 daAuts
     D:5: 737 daAuts
     D:3: 549 daAuts
   Orc:2: 120 daAuts
    D:10: 87 daAuts
  Temple: 16 daAuts
